| TOP OF THE 1ST |
|
Waterloo Hawks batting - Pitching for Wisconsin Rapids Timber Rattlers : RHP Roger McDowell
|
|
Pitching: RHP Roger McDowell
|
|
|
Batting: RHB Edward Irvine
|
0-0: Ball 1-0: Ball 2-0: Ball 3-0: Base on Balls
|
|
Batting: RHB Juan Baez
|
0-0: Ball 1-0: Foul Ball, location: 2F 1-1: Foul Ball, location: 2F 1-2: Ball 2-2: Ball 3-2: Grounds into double play, 6-4-3 (Groundball, 6, EV 88.8 MPH)
|
|
Batting: LHB Ronald Davis
|
0-0: Called Strike 0-1: Ball 1-1: Ball 2-1: Swinging Strike 2-2: Ball 3-2: Base on Balls
|
|
Batting: RHB Carmelo Aguayo
|
0-0: Ground out 4-3 (Groundball, 4, EV 98.1 MPH)
|
| Top of the 1st over - 0 runs, 0 hits, 0 errors, 1 left on base; Waterloo 0 - Wisconsin Rapids 0 |
| BOTTOM OF THE 1ST |
|
Wisconsin Rapids Timber Rattlers batting - Pitching for Waterloo Hawks : RHP Paul Voigt
|
|
Pitching: RHP Paul Voigt
|
|
|
Batting: RHB Tim Pyznarski
|
0-0: Called Strike 0-1: Ball 1-1: Called Strike 1-2: DOUBLE (Line Drive, 89D, EV 109.4 MPH)
|
|
Batting: RHB Jim Presley
|
0-0: Foul Ball, location: 2F 0-1: Ball 1-1: Ball 2-1: Ball 3-1: Base on Balls
|
|
Batting: LHB Dion James
|
0-0: Called Strike 0-1: Ball 1-1: Fly out, F9 (Flyball, 89S, EV 77.5 MPH)
|
|
Batting: LHB Greg Smith
|
0-0: Ball 1-0: Ball 2-0: Grounds into double play, 6-4-3 (Groundball, 6, EV 109.4 MPH)
|
| Bottom of the 1st over - 0 runs, 1 hit, 0 errors, 1 left on base; Waterloo 0 - Wisconsin Rapids 0 |
| TOP OF THE 2ND |
|
Waterloo Hawks batting - Pitching for Wisconsin Rapids Timber Rattlers : RHP Roger McDowell
|
|
Batting: LHB Burk Goldthorn
|
0-0: Foul Ball, location: 2F 0-1: Foul Ball, location: 2F 0-2: Ball 1-2: Ball 2-2: SINGLE (Line Drive, 9S, EV 111.3 MPH)
|
|
Batting: RHB Michael Williams
|
0-0: Ball 1-0: Called Strike 1-1: DOUBLE (Line Drive, 78D, EV 108.1 MPH) Burk Goldthorn to third
|
|
Batting: SHB Nelson Liriano
|
0-0: Called Strike 0-1: Foul Ball, location: 2F 0-2: Ball 1-2: Fly out, F8 (Flyball, 8RXD, EV 99.4 MPH) Runner from 3rd tags up, SCORES, no throw by CF Michael Williams to third
|
|
Batting: RHB Mark Doran
|
0-0: Called Strike 0-1: Ball 1-1: Ball 2-1: SINGLE (Line Drive, 3D, EV 93.8 MPH) Michael Williams scores
|
|
Batting: RHB David Cusack
|
0-0: Ball 1-0: Foul Ball, location: 2F 1-1: Ball 2-1: Called Strike 2-2: Strikes out looking
|
|
Batting: RHB Edward Irvine
|
0-0: Ball 1-0: Ball 2-0: Fly out, F8 (Line Drive, 8RD, EV 93.8 MPH)
|
| Top of the 2nd over - 2 runs, 3 hits, 0 errors, 1 left on base; Waterloo 2 - Wisconsin Rapids 0 |
| BOTTOM OF THE 2ND |
|
Wisconsin Rapids Timber Rattlers batting - Pitching for Waterloo Hawks : RHP Paul Voigt
|
|
Batting: RHB Barbaro Garbey
|
0-0: Ball 1-0: SINGLE (Flyball, 34D, EV 92.5 MPH)
|
|
Batting: LHB Matt Hall
|
0-0: Called Strike 0-1: Ball 1-1: Ball 2-1: Fielders Choice at 2nd, 6-4 (Groundball, 6, EV 92.5 MPH)
|
|
Batting: RHB Darryl Motley
|
0-0: Ball 1-0: Called Strike Matt Hall steals 2nd base (no throw) 1-1: Swinging Strike 1-2: Foul Ball, location: 2F 1-2: Ball 2-2: Ground out 4-3 (Groundball, 4, EV 81.3 MPH) Matt Hall to third
|
|
Batting: RHB Al Pedrique
|
0-0: Called Strike 0-1: Foul Ball, location: 2F 0-2: Ball 1-2: Ball 2-2: Fly out, F9 (Flyball, 9S, EV 89.4 MPH)
|
| Bottom of the 2nd over - 0 runs, 1 hit, 0 errors, 1 left on base; Waterloo 2 - Wisconsin Rapids 0 |
| TOP OF THE 3RD |
|
Waterloo Hawks batting - Pitching for Wisconsin Rapids Timber Rattlers : RHP Roger McDowell
|
|
Batting: RHB Juan Baez
|
0-0: Ball 1-0: Called Strike 1-1: Ball 2-1: Ball 3-1: Base on Balls
|
|
Batting: LHB Ronald Davis
|
0-0: Ground out 6-3 (Groundball, P, EV 86.9 MPH) Juan Baez to second
|
|
Batting: RHB Carmelo Aguayo
|
0-0: Swinging Strike 0-1: Ball 1-1: DOUBLE (Flyball, 8RXD, EV 102.5 MPH) Juan Baez scores
|
|
Batting: LHB Burk Goldthorn
|
0-0: Ball 1-0: Ball 2-0: Ball 3-0: Base on Balls
|
|
Batting: RHB Michael Williams
|
0-0: Foul Ball, location: 2F 0-1: Ball 1-1: Foul Ball, location: 2F 1-2: Ball 2-2: Strikes out looking
|
|
Batting: SHB Nelson Liriano
|
0-0: Foul Ball, location: 2F 0-1: Ball 1-1: Fly out, F6 (Flyball, 56D, EV 83.8 MPH)
|
| Top of the 3rd over - 1 run, 1 hit, 0 errors, 2 left on base; Waterloo 3 - Wisconsin Rapids 0 |
| BOTTOM OF THE 3RD |
|
Wisconsin Rapids Timber Rattlers batting - Pitching for Waterloo Hawks : RHP Paul Voigt
|
|
Batting: RHB Phil Lombardi
|
0-0: Ball 1-0: Ball 2-0: Ground out 4-3 (Groundball, 4, EV 90.6 MPH)
|
|
Batting: RHB Tim Pyznarski
|
0-0: Fly out, F9 (Flyball, 9LS, EV 85.0 MPH)
|
|
Batting: RHB Jim Presley
|
0-0: Ball 1-0: Ball 2-0: Foul Ball, location: 2F 2-1: SINGLE (Groundball, 56D, EV 103.1 MPH) (infield hit)
|
|
Batting: LHB Dion James
|
0-0: Ball 1-0: DOUBLE (Flyball, 8LXD, EV 105.0 MPH) Jim Presley to third
|
|
Batting: LHB Greg Smith
|
0-0: Ball 1-0: Ball 2-0: Ball 3-0: Called Strike 3-1: SINGLE (Flyball, 8LS, EV 92.5 MPH) Jim Presley scores Dion James to third Runner from 3rd tries for Home, SAFE, throw by CF to home Greg Smith to second
|
|
Batting: RHB Barbaro Garbey
|
0-0: Ball 1-0: SINGLE (Groundball, 5S, EV 64.4 MPH) (infield hit) Greg Smith to third
|
|
Batting: LHB Matt Hall
|
0-0: Ball 1-0: SINGLE (Groundball, 56, EV 99.4 MPH) (infield hit) Greg Smith scores Barbaro Garbey to second
|
|
Batting: RHB Darryl Motley
|
0-0: Called Strike 0-1: Foul Ball, location: 2F 0-2: Ball 1-2: Fly out, F8 (Flyball, 78D, EV 93.1 MPH)
|
| Bottom of the 3rd over - 3 runs, 5 hits, 0 errors, 2 left on base; Waterloo 3 - Wisconsin Rapids 3 |
| TOP OF THE 4TH |
|
Waterloo Hawks batting - Pitching for Wisconsin Rapids Timber Rattlers : RHP Roger McDowell
|
|
Batting: RHB Mark Doran
|
0-0: Ball 1-0: Foul Ball, location: 2F 1-1: Called Strike 1-2: Single, Error in OF, E8, batter to second base (Groundball, 6MD, EV 98.8 MPH)
|
|
Batting: RHB David Cusack
|
0-0: Foul Ball, location: 2F 0-1: Ball 1-1: Fly out, F8 (Flyball, 8LD, EV 106.3 MPH) Runner from 2nd tags up, SAFE at 3rd with throw by CF
|
|
Batting: RHB Edward Irvine
|
0-0: Ball 1-0: Called Strike 1-1: Ball 2-1: Swinging Strike 2-2: Ball 3-2: Foul Ball, location: 2F 3-2: SINGLE (Groundball, 34D, EV 101.9 MPH) Mark Doran scores
|
|
Batting: RHB Juan Baez
|
0-0: Ball 1-0: Ball 2-0: Ground out 4-3 (Groundball, 13, EV 90.0 MPH) Edward Irvine to second
|
|
Batting: LHB Ronald Davis
|
0-0: Called Strike 0-1: Foul Ball, location: 2F 0-2: Ball 1-2: Ball 2-2: Foul Ball, location: 2F 2-2: Ground out 3-1 (Groundball, 34, EV 86.9 MPH)
|
| Top of the 4th over - 1 run, 2 hits, 1 error, 1 left on base; Waterloo 4 - Wisconsin Rapids 3 |
| BOTTOM OF THE 4TH |
|
Wisconsin Rapids Timber Rattlers batting - Pitching for Waterloo Hawks : RHP Paul Voigt
|
|
Batting: RHB Al Pedrique
|
0-0: Ball 1-0: Ball 2-0: Ball 3-0: Called Strike 3-1: Base on Balls
|
|
Batting: RHB Phil Lombardi
|
0-0: Called Strike 0-1: Called Strike 0-2: Foul Ball, location: 2F 0-2: Ball 1-2: Ball 2-2: Strikes out swinging
|
|
Batting: RHB Tim Pyznarski
|
0-0: Ball 1-0: Ball 2-0: Foul Ball, location: 2F 2-1: Swinging Strike 2-2: Ball 3-2: Ground out 5-3 (Groundball, 56S, EV 72.5 MPH) Al Pedrique to second
|
|
Batting: RHB Jim Presley
|
0-0: Swinging Strike 0-1: Ball 1-1: Called Strike 1-2: 2-RUN HOME RUN (Flyball, 9LD, EV 95.0 MPH), Distance : 355 ft
|
|
Batting: LHB Dion James
|
0-0: Ground out 6-3 (Groundball, 4M, EV 83.8 MPH)
|
| Bottom of the 4th over - 2 runs, 1 hit, 0 errors, 0 left on base; Waterloo 4 - Wisconsin Rapids 5 |
| TOP OF THE 5TH |
|
Waterloo Hawks batting - Pitching for Wisconsin Rapids Timber Rattlers : RHP Roger McDowell
|
|
Batting: RHB Carmelo Aguayo
|
0-0: SINGLE (Groundball, 34D, EV 106.3 MPH)
|
|
Batting: LHB Burk Goldthorn
|
0-0: Called Strike 0-1: Single, Error in OF, E9, batter to second base (Line Drive, 34, EV 95.0 MPH) Carmelo Aguayo to third
|
|
Batting: RHB Michael Williams
|
0-0: Foul Ball, location: 2F 0-1: Ball 1-1: Foul Ball, location: 2F 1-2: Ground out 6-3 (Groundball, 6, EV 81.9 MPH) Carmelo Aguayo scores
|
|
Batting: SHB Nelson Liriano
|
0-0: Called Strike 0-1: Ball 1-1: Ball 2-1: Called Strike 2-2: Foul Ball, location: 2F 2-2: Strikes out swinging
|
|
Batting: RHB Mark Doran
|
0-0: Ball 1-0: Ground out 6-3 (Groundball, 6, EV 86.9 MPH)
|
| Top of the 5th over - 1 run, 2 hits, 1 error, 1 left on base; Waterloo 5 - Wisconsin Rapids 5 |
| BOTTOM OF THE 5TH |
|
Wisconsin Rapids Timber Rattlers batting - Pitching for Waterloo Hawks : RHP Paul Voigt
|
|
Batting: LHB Greg Smith
|
0-0: Ball 1-0: Called Strike 1-1: Swinging Strike 1-2: Ball 2-2: Foul Ball, location: 2F 2-2: Ball 3-2: Ground out 4-3 (Groundball, 13, EV 90.0 MPH)
|
|
Batting: RHB Barbaro Garbey
|
0-0: Called Strike 0-1: Called Strike 0-2: Ball 1-2: Ground out 4-3 (Groundball, 4, EV 90.6 MPH)
|
|
Batting: LHB Matt Hall
|
0-0: Foul Ball, location: 2F 0-1: Swinging Strike 0-2: Ball 1-2: Fly out, F8 (Flyball, 8LD, EV 108.1 MPH)
|
| Bottom of the 5th over - 0 runs, 0 hits, 0 errors, 0 left on base; Waterloo 5 - Wisconsin Rapids 5 |
| TOP OF THE 6TH |
|
Waterloo Hawks batting - Pitching for Wisconsin Rapids Timber Rattlers : RHP Roger McDowell
|
|
Pitching: RHP Bill Peltola
|
|
|
Batting: RHB David Cusack
|
0-0: Called Strike 0-1: Swinging Strike 0-2: Ball 1-2: Ball 2-2: Strikes out swinging
|
|
Batting: RHB Edward Irvine
|
0-0: Called Strike 0-1: Ground out U3 (Groundball, 34, EV 80.6 MPH)
|
|
Batting: RHB Juan Baez
|
0-0: Called Strike 0-1: Foul Ball, location: 2F 0-2: Ball 1-2: Fly out, F8 (Flyball, 8LD, EV 105.6 MPH)
|
| Top of the 6th over - 0 runs, 0 hits, 0 errors, 0 left on base; Waterloo 5 - Wisconsin Rapids 5 |
| BOTTOM OF THE 6TH |
|
Wisconsin Rapids Timber Rattlers batting - Pitching for Waterloo Hawks : RHP Paul Voigt
|
|
Batting: RHB Darryl Motley
|
0-0: Foul Ball, location: 2F 0-1: Called Strike 0-2: DOUBLE (Line Drive, 78D, EV 102.5 MPH)
|
|
Batting: RHB Al Pedrique
|
0-0: Called Strike 0-1: Bunt missed! 0-2: DOUBLE (Line Drive, 7LM, EV 100.6 MPH) Darryl Motley scores
|
|
Pitching: RHP John Franks
|
|
|
Batting: RHB Phil Lombardi
|
0-0: Ball 1-0: Called Strike 1-1: Ground out 6-3 (Groundball, 6, EV 88.8 MPH)
|
|
Batting: RHB Tim Pyznarski
|
0-0: Swinging Strike 0-1: Foul Ball, location: 2F 0-2: Foul Ball, location: 2F 0-2: Strikes out looking
|
|
Batting: RHB Jim Presley
|
0-0: Ball 1-0: Ball 2-0: Ball 3-0: Called Strike 3-1: Base on Balls
|
|
Batting: LHB Dion James
|
0-0: Swinging Strike 0-1: Ground out 1-3 (Groundball, 34S, EV 66.9 MPH)
|
| Bottom of the 6th over - 1 run, 2 hits, 0 errors, 2 left on base; Waterloo 5 - Wisconsin Rapids 6 |
| TOP OF THE 7TH |
|
Waterloo Hawks batting - Pitching for Wisconsin Rapids Timber Rattlers : RHP Bill Peltola
|
|
Batting: LHB Ronald Davis
|
0-0: SINGLE (Groundball, 56D, EV 108.8 MPH)
|
|
Batting: RHB Carmelo Aguayo
|
0-0: Ball 1-0: Foul Ball, location: 2F 1-1: SINGLE (Line Drive, 4D, EV 98.8 MPH) Ronald Davis to second Runner from 2nd tries for 3rd, SAFE, throw by RF made to third
|
|
Batting: LHB Burk Goldthorn
|
0-0: Ball 1-0: SINGLE (Groundball, 34D, EV 101.9 MPH) Ronald Davis scores Carmelo Aguayo to second Runner from 2nd tries for 3rd, SAFE, throw by RF made to third
|
|
Batting: RHB Michael Williams
|
0-0: Ground out 6-3 (Groundball, 6, EV 87.5 MPH) Burk Goldthorn to second
|
|
Batting: SHB Nelson Liriano
|
0-0: Intentional Walk
|
|
Batting: RHB Mark Doran
|
0-0: Called Strike 0-1: Ball 1-1: Ball 2-1: Ball 3-1: Called Strike 3-2: Strikes out swinging
|
|
Batting: RHB David Cusack
|
0-0: Ball 1-0: Fly out, F9 (Flyball, 9, EV 85.0 MPH)
|
| Top of the 7th over - 1 run, 3 hits, 0 errors, 3 left on base; Waterloo 6 - Wisconsin Rapids 6 |
| BOTTOM OF THE 7TH |
|
Wisconsin Rapids Timber Rattlers batting - Pitching for Waterloo Hawks : RHP John Franks
|
|
Batting: LHB Greg Smith
|
0-0: Called Strike 0-1: DOUBLE (Line Drive, 78M, EV 96.3 MPH)
|
|
Batting: RHB Barbaro Garbey
|
0-0: Ball 1-0: Fly out, F8 (Flyball, 8LD, EV 81.9 MPH) Runner from 2nd tags up, OUT at 3rd! 8-5
|
|
Batting: LHB Matt Hall
|
0-0: Ball 1-0: Called Strike 1-1: Ball 2-1: Ground out 6-3 (Groundball, 6S, EV 63.8 MPH)
|
| Bottom of the 7th over - 0 runs, 1 hit, 0 errors, 0 left on base; Waterloo 6 - Wisconsin Rapids 6 |
| TOP OF THE 8TH |
|
Waterloo Hawks batting - Pitching for Wisconsin Rapids Timber Rattlers : RHP Bill Peltola
|
|
Batting: RHB Edward Irvine
|
0-0: Ball 1-0: Called Strike 1-1: Ball 2-1: Fly out, F4 (Line Drive, 4, EV 63.1 MPH)
|
|
Batting: RHB Juan Baez
|
0-0: Ball 1-0: Ball 2-0: Ball 3-0: Base on Balls
|
|
Batting: LHB Ronald Davis
|
0-0: Ball 1-0: Ball 2-0: Foul Ball, location: 2F 2-1: Foul Ball, location: 2F 2-2: SINGLE (Groundball, 6D, EV 105.6 MPH) Juan Baez to second
|
|
Batting: RHB Carmelo Aguayo
|
0-0: Ball 1-0: Swinging Strike 1-1: Ball 2-1: Called Strike 2-2: Grounds into double play, 6-4-3 (Groundball, 6, EV 81.3 MPH)
|
| Top of the 8th over - 0 runs, 1 hit, 0 errors, 1 left on base; Waterloo 6 - Wisconsin Rapids 6 |
| BOTTOM OF THE 8TH |
|
Wisconsin Rapids Timber Rattlers batting - Pitching for Waterloo Hawks : RHP John Franks
|
|
Batting: RHB Darryl Motley
|
0-0: Ball 1-0: Ball 2-0: DOUBLE (Line Drive, 9LM, EV 101.3 MPH)
|
|
Batting: RHB Al Pedrique
|
0-0: Ball 1-0: Called Strike 1-1: Ground out 4-3 (Groundball, 4, EV 87.5 MPH) Darryl Motley to third
|
|
Batting: RHB Phil Lombardi
|
0-0: Ball 1-0: Called Strike 1-1: Fly out, F7 (Flyball, 78M, EV 88.1 MPH) Runner from 3rd tags up, OUT at HOME! 7-2
|
| Bottom of the 8th over - 0 runs, 1 hit, 0 errors, 0 left on base; Waterloo 6 - Wisconsin Rapids 6 |
| TOP OF THE 9TH |
|
Waterloo Hawks batting - Pitching for Wisconsin Rapids Timber Rattlers : RHP Bill Peltola
|
|
Pitching: LHP Scott Bailes
|
|
|
Batting: LHB Burk Goldthorn
|
0-0: Ground out 6-3 (Groundball, 6, EV 90.0 MPH)
|
|
Batting: RHB Michael Williams
|
0-0: Foul Ball, location: 2F 0-1: Swinging Strike 0-2: Ball 1-2: Ball 2-2: Strikes out looking
|
|
Batting: SHB Nelson Liriano
|
0-0: Ball 1-0: Ground out 5-3 (Groundball, 56, EV 80.6 MPH)
|
| Top of the 9th over - 0 runs, 0 hits, 0 errors, 0 left on base; Waterloo 6 - Wisconsin Rapids 6 |
| BOTTOM OF THE 9TH |
|
Wisconsin Rapids Timber Rattlers batting - Pitching for Waterloo Hawks : RHP John Franks
|
|
Batting: RHB Tim Pyznarski
|
0-0: Ball 1-0: Ball 2-0: Ball 3-0: Called Strike 3-1: Base on Balls
|
|
Batting: RHB Jim Presley
|
0-0: Ball 1-0: Ball 2-0: SINGLE (Line Drive, 7S, EV 106.9 MPH) Tim Pyznarski to second
|
|
Batting: LHB Dion James
|
0-0: Called Strike 0-1: Ball 1-1: Called Strike 1-2: Ball 2-2: Foul Ball, location: 2F 2-2: Ball 3-2: Foul Ball, location: 2F 3-2: Foul Ball, location: 2F 3-2: Foul Ball, location: 2F 3-2: SINGLE (Flyball, 34D, EV 92.5 MPH) Tim Pyznarski to third Jim Presley to second
|
|
Batting: LHB Greg Smith
|
0-0: Ball 1-0: Called Strike 1-1: Foul Ball, location: 2F 1-2: Ball 2-2: Fly out, F7 (Flyball, 7D, EV 98.8 MPH) Runner from 3rd tags up, SCORES, no throw by LF
|
| Bottom of the 9th over - 1 run, 2 hits, 0 errors, 0 left on base; Waterloo 6 - Wisconsin Rapids 7 |
|